 Dungeon Crawl Stone Soup version 0.24-a0-58-gc8b47a3 (webtiles) character file.

Game seed: 3944443884706805512

10978 TheGoonsmith the Spear-Bearer (level 11, -9/86 HPs)
             Began as a Merfolk Ice Elementalist on Feb 4, 2019.
             Was a Priest of Sif Muna.
             Mangled by a death yak (19 damage)
             ... on level 9 of the Dungeon.
             The game lasted 00:29:54 (13416 turns).

TheGoonsmith the Spear-Bearer (MfIE)               Turns: 13416, Time: 00:29:55

Health: -9/86      AC: 17    Str: 10    XL:     11   Next: 70%
Magic:  1/20       EV: 19    Int: 15    God:    Sif Muna [***...]
Gold:   381        SH:  0    Dex: 16    Spells: 12/22 levels left

rFire    . . .     SeeInvis .   x - +5 glaive
rCold    . . .     Gourm    .   (shield currently unavailable)
rNeg     + . .     Faith    .   I - +1 leather armour {rPois}
rPois    +         Spirit   .   A - +2 helmet
rElec    .         Reflect  .   d - +2 cloak
rCorr    .         Harm     .   (no gloves)
MR       .....                  y - +0 pair of boots
Stlth    ++........             a - amulet of the acrobat
HPRegen  0.24/turn              f - ring of positive energy
MPRegen  0.17/turn              n - +2 ring of slaying

@: icy armour, divine energy
A: change form in water, swift swim, stealthy swim
a: Stop Divine Energy, Channel Magic, Renounce Religion


You were on level 9 of the Dungeon.
You worshipped Sif Muna.
Sif Muna was most pleased with you.
You were not hungry.

You visited 2 branches of the dungeon, and saw 10 of its levels.
You also visited: Ossuary.

You collected 717 gold pieces.
You spent 336 gold pieces at shops.

Inventory:

Hand Weapons
 i - a +1 halberd
 k - a +0 trident
 x - a +5 glaive (weapon)
Missiles
 w - 29 poisoned needles
Armour
 d - a +2 cloak (worn)
 r - a +2 leather armour of cold resistance
 y - a +0 pair of boots (worn)
 A - a +2 helmet (worn)
 I - a +1 leather armour of poison resistance (worn)
Jewellery
 a - an amulet of the acrobat (around neck)
 f - a ring of positive energy (left hand)
 n - a +2 ring of slaying (right hand)
Wands
 g - a wand of acid (7)
 v - a wand of flame (33)
 D - a wand of disintegration (10)
Scrolls
 b - 2 scrolls of fog
 h - 3 scrolls of remove curse
 j - 6 scrolls of teleportation
 q - a scroll of blinking
Potions
 e - 5 potions of lignification
 m - 3 potions of resistance
 o - a potion of invisibility
 s - a potion of berserk rage
 t - a potion of mutation
 u - 3 potions of haste
 z - a potion of heal wounds
 B - 2 potions of cancellation
 C - a potion of might
 E - a potion of flight
 F - a potion of brilliance
Comestibles
 c - 15 rations


   Skills:
 + Level 7.9 Fighting
 - Level 12.0 Polearms
 + Level 10.5 Dodging
 - Level 2.1 Stealth
 - Level 6.1 Spellcasting
 - Level 0.7 Conjurations
 - Level 3.0 Charms
 - Level 6.0 Summonings
 - Level 9.0 Ice Magic


You had 12 spell levels left.
You knew the following spells:

 Your Spells              Type           Power        Failure   Level  Hunger
a - Freeze                Ice            ####         1%          1    None
b - Throw Frost           Conj/Ice       ###...       4%          2    #......
c - Ozocubu's Armour      Chrm/Ice       ###.....     4%          3    ##.....
z - Summon Ice Beast      Ice/Summ       ####....     9%          4    ####...

Your spell library contained the following spells:

 Spells                   Type           Power        Failure   Level  Hunger
 Summon Small Mammal      Summ           ###.         1%          1    None
 Ensorcelled Hibernation  Hex/Ice        ###...       4%          2    #......
 Sting                    Conj/Pois      #...         17%         1    None
 Animate Skeleton         Necr           N/A          21%         1    None
 Apportation              Tloc           #.....       21%         1    None
 Confusing Touch          Hex            #.....       21%         1    None
 Corona                   Hex            #......      21%         1    None
 Throw Icicle             Conj/Ice       ###.....     26%         4    ####...
 Dazzling Spray           Conj/Hex       #.....       45%         3    ##.....
 Mephitic Cloud           Conj/Pois/Air  #.......     47%         3    ##.....
 Confuse                  Hex            #.......     52%         3    ##.....
 Spider Form              Tmut/Pois      #.........   52%         3    ##.....
 Tukima's Dance           Hex            #.......     52%         3    ##.....


Dungeon Overview and Level Annotations

Branches:
Dungeon (9/15)             Temple (1/1) D:5            Lair (0/6) D:9
    Orc: D:9-12

Altars:
Ashenzari
Cheibriados
Dithmenos
Elyvilon
Fedhas
Gozag
Hepliaklqana
Kikubaaqudgha
Makhleb
Nemelex Xobeh
Okawaru
Qazlal
Ru
Sif Muna
Trog
Uskayaw
Vehumet
Wu Jian
Xom
Yredelemnul
Zin
The Shining One

Shops:
D:4 =   D:5 *   D:7 ?   D:8 :

Annotations:
D:5 2 transporters, jorbis's ghost, novice DsCK


Message History

A film of ice covers your body! The death yak gores you!!
* * * LOW HITPOINT WARNING * * *
You barely miss the death yak.
The death yak is severely wounded.
The death yak barely misses you.
You slash the death yak!
The death yak is severely wounded.
The death yak snorts and paws the ground.
The death yak gores you!
* * * LOW HITPOINT WARNING * * *
Unknown command.
You feel better.
The death yak gores you but does no damage.
You hit the death yak but do no damage.
The death yak is severely wounded.
The death yak misses you.
You hit the death yak.
The death yak is almost dead.
The death yak gores you!!
You die...

#.##)))##...# ##...###(###
#.###......... .....# #)#
#.########..######...###.###
#>..# #..# ##.##...... ###.#
#..# #...#.#.### #.# #..#
#..#.#.### #.# #..#
###.........
#.######..#####.....#.....
#........@YW..........####
####.[...#########.##(#.## #.
#.....................#.# #.
#.##......8.....Y.8.....####.
#.##...........Y.............
#.##..###.8.......8[.........
###.##.(##......).....[<#######
#...##......8..._...8...# #
#.#####.###....###....###


You could see a death yak and a hungry ghost.

Vanquished Creatures
  A death yak (D:8)
  Pikel (D:6)
  A kobold demonologist (D:7)
  2 hippogriffs (D:9)
  Grinder (D:3)
  Eustachio (D:6)
  A spriggan (D:7)
  A shadow (D:7)
  A wyvern (D:8)
  Menkaure (D:6)
  A hungry ghost (D:8)
  A water moccasin (D:7)
  3 ice beasts
  5 orc warriors
  A phantom (D:7)
  A sky beast (D:7)
  5 ogres
  A necrophage (D:7)
  5 centaurs
  A big kobold (D:7)
  A gnoll sergeant (D:5)
  2 bullfrogs (D:8)
  A water moccasin zombie (D:6)
  4 scorpions
  8 killer bees
  4 wights (D:6)
  3 howler monkeys (D:8)
  5 crimson imps
  2 jellies
  A centaur zombie (D:9)
  3 hounds
  7 orc wizards
  A gnoll shaman (D:6)
  2 orc priests
  A centaur skeleton (D:7)
  2 bullfrog skeletons
  2 iguanas (D:8)
  3 worker ants
  2 hound zombies
  5 mummies
  17 gnolls
  7 adders
  2 shadow imps
  3 oozes
  An adder zombie (D:6)
  3 worms
  2 dart slugs
  6 leopard geckos
  25 orcs
  6 giant cockroaches
  5 gnoll zombies (Ossuary)
  7 goblins
  10 hobgoblins
  11 jackals
  4 quokkas
  A ball python (D:3)
  5 bats
  5 frilled lizards
  3 gnoll skeletons (Ossuary)
  2 goblin skeletons (Ossuary)
  7 goblin zombies (Ossuary)
  4 hobgoblin skeletons (Ossuary)
  4 hobgoblin zombies
  A jackal skeleton (D:6)
  8 kobolds
  5 kobold skeletons (Ossuary)
  4 kobold zombies
  A leopard gecko skeleton (D:6)
  5 orc skeletons (Ossuary)
  3 orc zombies
  A quokka skeleton (D:6)
  7 rats
  5 rat skeletons (Ossuary)
  6 rat zombies (Ossuary)
280 creatures vanquished.

Vanquished Creatures (collateral kills)
  4 two-headed ogres
  3 death yaks
  A hornet (D:9)
  4 yaks (D:8)
  A centaur (D:9)
  A scorpion (D:9)
  2 killer bees (D:8)
  4 orc priests
  9 orcs
29 creatures vanquished.

Vanquished Creatures (others)
  An unseen horror (D:7)
  A quokka (D:6)
  A hobgoblin skeleton (Ossuary)
  6 plants (D:5)
9 creatures vanquished.

Grand Total: 318 creatures vanquished

Notes
Turn   | Place    | Note
-------+----------+-------------------------------------------
     0 | D:1      | TheGoonsmith the Merfolk Ice Elementalist began the quest
                  | for the Orb.
     0 | D:1      | Reached XP level 1. HP: 13/13 MP: 3/3
   404 | D:1      | Reached XP level 2. HP: 16/19 MP: 1/5
  1088 | D:1      | Reached XP level 3. HP: 8/24 MP: 0/6
  1391 | D:2      | Reached XP level 4. HP: 2/30 MP: 1/7
  1805 | D:2      | Found a faded altar of an unknown god.
  2610 | D:3      | Reached XP level 5. HP: 28/35 MP: 5/9
  2767 | D:3      | Noticed Grinder
  2777 | D:3      | Paralysed by Grinder for 3 turns
  2790 | D:3      | Paralysed by Grinder for 3 turns
  2810 | D:3      | Killed Grinder
  2810 | D:3      | Reached skill level 5 in Ice Magic
  2810 | D:3      | Reached XP level 6. HP: 24/41 MP: 9/11
  3088 | D:3      | Reached skill level 5 in Dodging
  3146 | D:3      | Learned a level 2 spell: Throw Frost
  3151 | D:3      | Learned a level 4 spell: Summon Ice Beast
  3155 | D:3      | Learned a level 3 spell: Ozocubu's Armour
  3488 | D:3      | Reached skill level 1 in Polearms
  3750 | D:4      | Reached skill level 1 in Fighting
  3791 | D:4      | Reached skill level 2 in Polearms
  4059 | D:4      | Found Inoen's Jewellery Boutique.
  4349 | D:4      | Reached XP level 7. HP: 50/50 MP: 5/12
  4423 | D:4      | Reached skill level 3 in Polearms
  4706 | D:5      | Entered Level 5 of the Dungeon
  4708 | D:5      | Reached skill level 4 in Polearms
  4713 | D:5      | Found a staircase to the Ecumenical Temple.
  4807 | Temple   | Entered the Ecumenical Temple
  4980 | Temple   | Became a worshipper of Sif Muna the Loreminder
  5027 | D:5      | Found a basalt altar of Yredelemnul.
  5107 | D:5      | Found a transporter.
  5112 | D:5      | Noticed jorbis's ghost (novice DsCK)
  5115 | D:5      | Found the brooch of Shielding {Reflect SH+8}
  5117 | D:5      | Identified the +5 ring mail of the Echidna {Str+6 Dex+4}
  5133 | D:5      | Found a hazy altar of Hepliaklqana.
  5150 | D:5      | Reached skill level 1 in Charms
  5150 | D:5      | Reached skill level 1 in Summonings
  5159 | D:5      | HP: 2/50 [ice beast (9)]
  5171 | D:5      | Reached skill level 5 in Polearms
  5358 | D:5      | Found a sparkling altar of Nemelex Xobeh.
  5418 | D:5      | Reached XP level 8. HP: 56/56 MP: 3/13
  5541 | D:5      | Found an opulent altar of Gozag.
  5694 | D:5      | Reached skill level 6 in Polearms
  5903 | D:5      | Found a transporter.
  5991 | D:5      | Found Amairet's Lightly-Used Armoury.
  6045 | D:5      | Reached * piety under Sif Muna
  6136 | D:6      | Noticed Menkaure
  6151 | D:6      | Killed Menkaure
  6335 | D:6      | Noticed Eustachio
  6362 | D:6      | Killed Eustachio
  6362 | D:6      | Reached XP level 9. HP: 29/61 MP: 15/15
  6542 | D:6      | HP: 3/61 [gnoll/+0 halberd (3)]
  6648 | D:6      | Found a shadowy altar of Dithmenos.
  6675 | D:6      | Found a sand-covered staircase.
  6680 | Ossuary  | Entered an ossuary
  6681 | Ossuary  | Reached skill level 7 in Polearms
  7374 | D:6      | Reached skill level 8 in Polearms
  7463 | D:6      | Noticed Pikel
  7473 | D:6      | Killed Pikel
  7473 | D:6      | Reached skill level 10 in Polearms
  7603 | D:6      | Found a radiant altar of Vehumet.
  8048 | D:7      | Reached ** piety under Sif Muna
  8260 | D:7      | Found Yssick's Magic Scroll Emporium.
  8270 | D:7      | Reached XP level 10. HP: 52/70 MP: 4/16
  8407 | D:7      | Bought a scroll of enchant weapon for 120 gold pieces
  8407 | D:7      | Bought a scroll of enchant armour for 120 gold pieces
  8407 | D:7      | Bought 2 scrolls of teleportation for 96 gold pieces
  8489 | D:7      | Reached skill level 5 in Summonings
  8957 | D:7      | Found a blossoming altar of Fedhas.
  9053 | D:7      | Noticed a kobold demonologist
  9090 | D:7      | Killed an unseen horror
  9090 | D:7      | Reached *** piety under Sif Muna
  9096 | D:7      | Killed a kobold demonologist
  9131 | D:7      | Identified the Reference Book on Contamination
  9637 | D:8      | Reached skill level 5 in Fighting
  9768 | D:8      | Reached skill level 5 in Spellcasting
  9978 | D:8      | Noticed a two-headed ogre
  9985 | D:8      | Killed a two-headed ogre
  9995 | D:8      | Noticed a two-headed ogre
 10001 | D:8      | Killed a two-headed ogre
 10353 | D:8      | Reached XP level 11. HP: 75/80 MP: 17/20
 10434 | D:8      | Noticed a two-headed ogre
 10444 | D:8      | Killed a two-headed ogre
 10475 | D:8      | Found Gaarrij's Book Shop.
 10783 | D:8      | Reached skill level 11 in Polearms
 10996 | D:9      | Found a hide-covered altar of Uskayaw.
 11006 | D:9      | Noticed a death yak
 11007 | D:9      | Noticed a death yak
 11448 | D:9      | Noticed a death yak
 11448 | D:9      | Noticed a death yak
 11488 | D:8      | Killed a death yak
 11613 | D:9      | Noticed a death yak
 11772 | D:8      | HP: 4/83 [death yak (22)]
 11779 | D:8      | Killed a death yak
 12107 | D:9      | Noticed a two-headed ogre
 12125 | D:9      | Killed a two-headed ogre
 12127 | D:9      | Reached skill level 10 in Dodging
 12453 | D:9      | Found a staircase to the Lair.
 12491 | D:8      | Killed a death yak
 12491 | D:8      | Reached skill level 12 in Polearms
 13394 | D:9      | Killed a death yak
 13413 | D:9      | HP: 4/86 [death yak (12)]
 13416 | D:9      | Mangled by a death yak

Vault maps used:
D:1:      erik_arrival_cave_to_civilisation, nrook_mini_backslash,
          minmay_pentomino_s2
D:2:      chequers_ecumenical_altar_simple, chequers_serial_rivers_small_3
D:3:      minmay_wonky_spiral, item_on_display_a, uniq_grinder
D:4:      first_ration, serial_shops, shop, minmay_mini_ossuary
D:5:      overflow_temple_1_default, lemuel_round_altar,
          overflow_temple_1_default, minmay_temple_entry_arrows, basic_altar,
          gammafunk_ghost_gnarly_gnolls, minmay_shop_damaged, lightli_minifort
D:6:      grunt_dithmenos_smoke_and_mirrors, vehumet_crystals, enter_ossuary_5,
          uniq_pikel, uniq_eustachio, uniq_menkaure
D:7:      minmay_the_grid_triangle_9x9_rhombus_full, serial_shops,
          nicolae_shop_trees, the_bakery, kennysheep_small_circle
D:8:      serial_shops, shop_fountains
D:9:      eat_drink_and_be_merry_uskayaw, dpeg_lair_monsters,
          uniq_prince_ribbit1
Temple:   regret_index_temple_sphere_string
Ossuary:  ossuary_due_pyramid

Skill      XL: |  1  2  3  4  5  6  7  8  9 10 11 |
---------------+----------------------------------+-----
Dodging        | 3 4 5 7 8 10 | 10.5
Ice Magic      | 4 5 6 7 9 |  9.0
Spellcasting   | 3 4 6 |  6.1
Polearms       | 2 5 6 10 12 | 12.0
Fighting       | 2 3 5 7 |  7.9
Charms         | 1 3 |  3.0
Summonings     | 1 4 6 |  6.0
Stealth        | |  2.1
Conjurations   | |  0.7

Action                   |  1- 3 |  4- 6 |  7- 9 | 10-12 || total
-------------------------+-------+-------+-------+-------++-------
Melee: Unarmed           |    25 |     5 |       |       ||    30
       Halberd           |       |   122 |    61 |       ||   183
       Glaive            |       |       |   240 |   248 ||   488
       Tailslap          |       |       |     1 |       ||     1
 Cast: Freeze            |    45 |    78 |    87 |    56 ||   266
       Ozocubu's Armour  |       |     4 |    19 |    30 ||    53
       Throw Frost       |       |       |    10 |     2 ||    12
       Summon Ice Beast  |       |       |       |    45 ||    45
Invok: Divine Energy     |       |       |       |     1 ||     1
  Use: Potion            |       |     2 |     5 |     3 ||    10
       Scroll            |       |    12 |    11 |    12 ||    35
 Stab: Sleeping          |     1 |     7 |     6 |     4 ||    18
       Distracted        |       |       |       |     2 ||     2
  Eat: Chunk             |     2 |    10 |    12 |    14 ||    38
       Ration            |       |       |     1 |     5 ||     6
Armor: Robe              |    17 |     1 |       |       ||    18
       Leather armour    |       |    24 |    75 |   129 ||   228
       Skin              |       |    14 |       |       ||    14
Dodge: Dodged            |    56 |    92 |   273 |   400 ||   821

Table legend:
 A = Non-vault XP
 B = Vault XP
 C = Vault XP percentage of total XP
 D = Non-vault monster count
 E = Vault monster count
 F = Vault count percentage of total count
                 A         B        C        D         E       F
            +---------+---------+-------+---------+---------+-------
      Total |    9783 |    5901 |  37.6 |     219 |      89 |  28.9
            +---------+---------+-------+---------+---------+-------
        D:1 |      50 |       3 |   5.7 |      15 |       2 |  11.8
        D:2 |      79 |       0 |   0.0 |      23 |       0 |   0.0
        D:3 |      93 |     266 |  74.1 |      28 |       4 |  12.5
        D:4 |     214 |      22 |   9.3 |      14 |       5 |  26.3
        D:5 |    1132 |     130 |  10.3 |      20 |       4 |  16.7
        D:6 |     747 |    1021 |  57.7 |      30 |       3 |   9.1
        D:7 |    1106 |    2130 |  65.8 |      18 |      16 |  47.1
        D:8 |    4272 |    1568 |  26.8 |      47 |       3 |   6.0
        D:9 |    2090 |     638 |  23.4 |      24 |       1 |   4.0
    Ossuary |       0 |     123 | 100.0 |       0 |      51 | 100.0
            +---------+---------+-------+---------+---------+-------
